[Event "*** SCC Grand Prix: Titled Tuesday Blitz"]
[Site "Chess.com"]
[Date "2020.07.14"]
[Round "2"]
[White "KingCrusher275"]
[Black "pfalcon1949"]
[Result "1/2-1/2"]
[WhiteElo "2367"]
[BlackElo "2078"]
[TimeControl "180+1"]
[EndTime "10:18:33 PDT"]
[Termination "Game drawn by repetition"]

1. d4 Nf6 2. c4 e6 3. Nc3 Bb4 4.
Qc2 O-O 5. a3 Bxc3+ 6. Qxc3 b6 7. Bg5 Bb7 8. f3 d6 9. e3 Nbd7 10. Bd3 Qe7 11. Ne2 e5 12. d5 Rfe8 13. O-O Nf8 14.
Ng3 Bc8 15. Ne4 N8d7 16. Qc2 h6 17. Bh4 g5 18. Nxf6+ Nxf6 19. Bg3 Kg7 20. Rae1 Bb7 21. e4 c6 22. b4 cxd5 23. cxd5 Rac8 24. Qb2 Rc7 25. Rc1 Rec8 26. Bf2 Nh5 27. g3 Ba8 28. Be3 Bb7 29. Rxc7 Rxc7 30. Rc1 Rxc1+ 31. Qxc1 Qf6 32. Be2 Qe7 33. a4 Nf6 34. a5 bxa5 35. bxa5 a6 36.
Qb2 g4 37. Qb4 gxf3 38. Bxf3 Qd7 39. Be2 h5 40. Bf3 Kg6 41. Kg2 Ng4 42. Bxg4 hxg4 43. Ba7 Bc8 44. Bb8 f5 45. Bxd6 fxe4 46. Qb6 Qf5 47.
Bxe5+ Kg5 48. Qe3+ Kg6 49. Qc3 Qf3+ 50. Qxf3 exf3+ 51. Kf2 Kf5 52. Bf4 Kf6 53. d6 Ke6 54. Ke3 Kd7 55.
h4 Kc6 56. h5 Bf5 57. h6 Bh7 58. Kf2 Kd7 59. Ke1 Kc6 60. Kf1 Kd7 61. Kf2 Kc6 62.
Ke3 Kd7 63. Kd2 Kc6 64. Ke1 Kd7 65. Kf2 Kc6 66. Kf1 Kd7 67. Kf2 1/2-1/2

[Event "*** SCC Grand Prix: Titled Tuesday Blitz"]
[Site "Chess.com"]
[Date "2020.07.14"]
[Round "2"]
[White "Shushik"]
[Black "ARMQUEEN"]
[Result "0-1"]
[WhiteElo "2223"]
[BlackElo "2439"]
[TimeControl "180+1"]
[EndTime "10:18:34 PDT"]
[Termination "ARMQUEEN won by checkmate"]

1. e4 c5 2. Nf3 Nc6 3. d4 cxd4 4.
Nxd4 g6 5. c4 Nf6 6. Nc3 Nxd4 7.
Qxd4 d6 8. Be2 Bg7 9. Be3 O-O 10.
Qd2 a5 11. f3 a4 12. O-O Qa5 13. Rac1 Be6 14. Rfd1 Rfc8 15. b3 axb3 16. axb3 Qb4 17. Rb1 Ra3 18. Nb5 Qxd2 19. Rxd2 Raa8 20. Rdd1 Nd7 21.
Bd4 Ra2 22. Kf2 Ne5 23. Ra1 Rca8 24. Rxa2 Rxa2 25. Ke1 Nc6 26. Bxg7 Kxg7 27. Rd2 Ra1+ 28. Rd1 Ra5 29. Nd4 Nxd4 30. Rxd4 Kf6 31. Kd2 Ra2+ 32.
Ke3 Bd7 33. Rd2 Ra1 34. Rd1 Ra3 35. Rd3 Bc6 36. b4 Ra4 37. b5 Be8 38. Rb3 b6 39. Rb2 Bd7 40. Rb3 Be6 41. Rc3 g5 42.
h3 Rb4 43. Rc2 Ke5 44. Rc3 f5 45. exf5 Bxf5 46. Kf2 Kd4 47. Rc1 Be6 48. Rd1+ Kc5 49. Re1 Bg8 50. Bf1 e5 51. Re4 Bxc4 52. Bxc4 Rxc4 53.
Re1 Kxb5 54. Rb1+ Kc5 55. Ra1 b5 56. Ra7 b4 57. Rxh7 b3 58. Rb7 Rb4 59. Rc7+ Kd4 60. Rc1 b2 61. Rb1 Kc3 62. Kg3 Kc2 63. Rxb2+ Rxb2 64. Kg4 Kd3 65. Kxg5 Rxg2+ 66. Kf5 Kd4 67. f4 e4 68. Ke6 e3 69. Kxd6 e2 70. f5 e1=Q 71. f6 Qe5+ 72. Kc6 Qxf6+ 73. Kb5 Rb2+ 74. Ka5 Qb6+ 75. Ka4 Qb4# 0-1

[Event "*** SCC Grand Prix: Titled Tuesday Blitz"]
[Site "Chess.com"]
[Date "2020.07.14"]
[Round "2"]
[White "mr65"]
[Black "joksijoksi"]
[Result "1/2-1/2"]
[WhiteElo "2099"]
[BlackElo "2378"]
[TimeControl "180+1"]
[EndTime "10:18:34 PDT"]
[Termination "Game drawn - insufficient material"]

1. e4 e6 2. d4 d5 3. Nc3 Bb4 4.
e5 Qd7 5. a3 Bxc3+ 6. bxc3 b6 7.
a4 Ba6 8. Bd3 Ne7 9. Nf3 Bxd3 10. cxd3 O-O 11. O-O c5 12. dxc5 bxc5 13. d4 Rc8 14.
Ba3 cxd4 15. cxd4 Nf5 16. g4 Ne7 17. Bxe7 Qxe7 18. Qd2 Nc6 19. Rfb1 a5 20. Rc1 Nb4 21. Rxc8+ Rxc8 22. Rc1 Qd7 23. Ne1 h6 24. Rxc8+ Qxc8 25. Nd3 Qc2 26. Qxc2 Nxc2 27. Nc5 Nxd4 28. Nb7 Nc6 29. f4 f6 30. exf6 gxf6 31. h4 e5 32. fxe5 fxe5 33. Kf2 Kf7 34. Ke3 Ke6 35. Nc5+ Kd6 36.
Nb7+ Kc7 37. Nc5 Ne7 38. Nb3 Kb6 39. g5 hxg5 40. hxg5 Nf5+ 41. Kf3 e4+ 42. Kf4 e3 43. Nc1 Ng7 44. Kxe3 Kc5 45. Nb3+ Kb4 46. Nxa5 Kxa5 47. Kd4 Kxa4 48. Kxd5 Kb5 49. Ke5 Kc6 50. Kf6 Nh5+ 51.
Kf7 Kd6 52. g6 Ke5 53. g7 Nxg7 1/2-1/2

[Event "*** SCC Grand Prix: Titled Tuesday Blitz"]
[Site "Chess.com"]
[Date "2020.07.14"]
[Round "2"]
[White "Bossche-CM"]
[Black "Jungle_Jaguar"]
[Result "0-1"]
[WhiteElo "2454"]
[BlackElo "2668"]
[TimeControl "180+1"]
[EndTime "10:18:35 PDT"]
[Termination "Jungle_Jaguar won by resignation"]

1. e4 e5 2. Nf3 Nc6 3. Nc3 Nf6 4. d4 exd4 5. Nxd4 Bb4 6. Nxc6 bxc6 7. Bd3 O-O 8. O-O Re8 9. Bg5 h6 10. Bh4 g5 11.
Bg3 Bxc3 12. bxc3 Nxe4 13. Qh5 Qf6 14. f4 Qg7 15. Rae1 d5 16. f5 Qf6 17. Bxc7 Bd7 18. c4 Rac8 19. Ba5 Qd4+ 20. Kh1 Nf2+ 21. Rxf2 Qxf2 22.
Rf1 Qh4 23. Qxh4 gxh4 24. cxd5 cxd5 25. f6 h3 26. gxh3 d4 27. Rg1+ Kh8 28. Rg7 Bc6+ 29. Kg1 Rg8 30. Rxg8+ Rxg8+ 31. Kf1 Bg2+ 32. Kf2 Bxh3 33.
Be4 Be6 34. Bd2 Bxa2 35. Bxh6 Rg4 36. Bf3 Rg6 37. Bg7+ Kg8 38. h4 Rxg7 39. fxg7 Kxg7 40. Ke2 Bc4+ 41. Kd2 a5 42. c3 d3 43. Be4 a4 44.
Bxd3 Bxd3 45. Kxd3 a3 46. Kc2 a2 47. Kb2 f5 48. c4 f4 49. c5 f3 50. c6 a1=Q+ 51. Kxa1 f2 52. c7 f1=Q+ 53. Kb2 Qc4 54.
h5 Qxc7 55. h6+ Kxh6 56. Kb3 Kg5 57. Kb4 Qc6 0-1

[Event "*** SCC Grand Prix: Titled Tuesday Blitz"]
[Site "Chess.com"]
[Date "2020.07.14"]
[Round "2"]
[White "GMHess"]
[Black "RenarddesSurfaces"]
[Result "1-0"]
[WhiteElo "2745"]
[BlackElo "2367"]
[TimeControl "180+1"]
[EndTime "10:18:36 PDT"]
[Termination "GMHess won on time"]

1. b3 d5 2. Bb2 Bf5 3. h3 h6 4. d3 e6 5. Nd2 Nf6 6. Ngf3 c6 7. g4 Bh7 8. Bg2 Be7 9. e3 Nbd7 10.
Qe2 a5 11. a3 Qc7 12. g5 hxg5 13. Nxg5 Bg6 14. O-O-O O-O-O 15. Rdg1 Kb8 16. f4 a4 17. b4 c5 18. b5 Qa5 19. Bf3 Qxb5 20. Nxe6 Rc8 21.
Nxg7 c4 22. dxc4 dxc4 23. f5 Bh7 24. Nb1 Bc5 25. Re1 Bf8 26. Nc3 Qa5 27. Nh5 Nxh5 28.
Bxh5 Bxa3 29. Bxa3 Qxc3 30. Bb2 Qb4 31. c3 Qb3 32. Qh2+ Ka8 33. Bd1 Qa2 34. Qc2 Nc5 35.
Kd2 a3 36. Bxa3 Qxa3 37. Bf3 Nb3+ 38. Ke2 Qc5 39. Qe4 Rc7 40. Ra1+ Kb8 41. Ra4 Re7 42.
Qf4+ Qe5 43. Qxe5+ Rxe5 44. Rb4 b5 45. Bc6 Kc7 46. Bxb5 Rb8 47. Rxc4+ Kd6 48. Rd1+ Ke7 49. Rc7+ Kf8 50. Bc4 1-0

[Event "*** SCC Grand Prix: Titled Tuesday Blitz"]
[Site "Chess.com"]
[Date "2020.07.14"]
[Round "2"]
[White "MacDaddyMac"]
[Black "26andrej26"]
[Result "1-0"]
[WhiteElo "2308"]
[BlackElo "2532"]
[TimeControl "180+1"]
[EndTime "10:18:36 PDT"]
[Termination "MacDaddyMac won by checkmate"]

1. e4 c5 2. Nc3 a6 3. f4 b5 4. Nf3 Bb7 5. d3 e6 6. g3 b4 7. Ne2 d5 8. e5 h5 9. Bg2 Nh6 10. Nh4 Be7 11. d4 Bxh4 12. gxh4 Qxh4+ 13. Kf1 a5 14. Qe1 Qxe1+ 15. Kxe1 Ba6 16. dxc5 Bxe2 17.
Kxe2 Nf5 18. a3 bxa3 19. Rxa3 Nc6 20. c3 Kd7 21. Kd3 Rhb8 22. Rd1 Rb5 23. Bf3 Rxc5 24. Bxh5 Rh8 25. Bxf7 Ke7 26. Bg6 Rh3+ 27. Kc2 Rxh2+ 28. Kb1 Nh4 29. Bc2 d4 30. Be4 dxc3 31. Rxc3 Rxc3 32.
bxc3 Nb8 33. Ba3+ Ke8 34. Bd6 Na6 35. Bc6+ Kf7 36. Bb5 Ng2 37. f5 Ne3 38. fxe6+ Kxe6 39. Rd3 Rh1+ 40. Ka2 Rh2+ 41. Kb3 Ng4 42. Bc4+ Kf5 43. Bxa6 Nxe5 44. Rd5 a4+ 45. Ka3 Re2 46. Bxe2 Ke6 47. Rxe5+ Kxd6 48. Rg5 Ke6 49. Rg4 Kf6 50. Kxa4 g5 51.
Kb4 Kf5 52. c4 Ke5 53. c5 Kf6 54. Kb5 Ke6 55. c6 Kd6 56. Kb6 Ke5 57. c7 Kf5 58. Rxg5+ Kf6 59. c8=Q Kxg5 60. Qe6 Kf4 61. Qg4+ Ke3 62.
Qf3+ Kd2 63. Ba6 Ke1 64. Qe2# 1-0

[Event "*** SCC Grand Prix: Titled Tuesday Blitz"]
[Site "Chess.com"]
[Date "2020.07.14"]
[Round "2"]
[White "Annawel"]
[Black "Mr_Sinigami"]
[Result "0-1"]
[WhiteElo "2948"]
[BlackElo "2583"]
[TimeControl "180+1"]
[EndTime "10:18:37 PDT"]
[Termination "Mr_Sinigami won by checkmate"]

1. e4 c5 2. d3 e6 3. g3 d5 4. Bg2 Nf6 5. f4 Nc6 6. e5 Nd7 7.
Nf3 Be7 8. O-O O-O 9. Qe2 b5 10. g4 Qc7 11. Be3 b4 12. Nbd2 Rb8 13. Bf2 Ba6 14. Bg3 Qb6 15. f5 c4+ 16. Kh1 cxd3 17. cxd3 Nc5 18. Ne1 Rfe8 19. f6 Bf8 20. fxg7 Bxg7 21.
Rc1 Rbc8 22. Ndf3 Qb5 23. Rd1 Re7 24. Bh4 Rec7 25. Bf6 Ne4 26. Bxg7 Kxg7 27. Qe3 Qc5 28. Qe2 Qb5 29. Nc2 Qc5 30. Rc1 Qe7 31. Qe3 h6 32.
Rfe1 Ng5 33. Nd2 Nd8 34. h4 Nh7 35. Qg3 Rxc2 36. Rxc2 Rxc2 37. Nb3 Rxb2 38. Nd4 Rd2 39. Nf5+ exf5 40. gxf5+ Kh8 41. f6 Qf8 42. Rg1 Ne6 43.
Bxd5 Rxd3 44. Qg2 Rxd5 45. Qxd5 Qc8 46. Qd6 Bb7+ 47. Kh2 Qc2+ 48. Kh3 Qc3+ 49. Rg3 Qc8 50. Qe7 Nf4+ 51. Kh2 Qc2+ 52. Kg1 Qd1+ 53. Kf2 Qd2+ 54.
Kg1 Qe1+ 55. Kh2 Qh1# 0-1

[Event "*** SCC Grand Prix: Titled Tuesday Blitz"]
[Site "Chess.com"]
[Date "2020.07.14"]
[Round "2"]
[White "MIlorenzana271"]
[Black "chessdjw"]
[Result "1-0"]
[WhiteElo "2382"]
[BlackElo "2659"]
[TimeControl "180+1"]
[EndTime "10:18:37 PDT"]
[Termination "MIlorenzana271 won by checkmate"]

1. e4 e5 2. Nf3 Nc6 3. Bc4 Bc5 4.
c3 Nf6 5. d3 d6 6. a4 a5 7. Qb3 O-O 8. O-O h6 9. h3 Nh5 10. Be3 Qf6 11. Nbd2 Nf4 12. Bxf4 Qxf4 13. Bd5 Ne7 14. d4 Ba7 15. Rfe1 c6 16. Bc4 Ng6 17. Bf1 Kh8 18. Rad1 Rb8 19. Qc4 Qf6 20. g3 Be6 21. Qd3 Rfe8 22. Bg2 Rbd8 23. d5 cxd5 24. exd5 Bd7 25. b3 Qe7 26. Nc4 f5 27. Qc2 e4 28.
Nd4 Ne5 29. Nxa5 Rc8 30. Qd2 Nd3 31. Re3 Qf6 32. Rxd3 exd3 33. Qxd3 Bxd4 34. cxd4 Rc7 35. Nc4 b5 36. Na5 bxa4 37. Nc6 axb3 38. Qxb3 Kh7 39.
Qb6 Rec8 40. Re1 Be8 41. Re6 Qf8 42. Qb4 Bf7 43. Rxd6 Ra8 44. Qc5 Ra1+ 45. Kh2 Rc8 46. Rd7 Bg6 47. Qc3 Ra2 48. Qe3 f4 49. Qxf4 Qxf4 50. gxf4 Rxf2 51. Kg3 Rd2 52. d6 Be8 53. Rc7 Ra8 54. d7 Bxd7 55. Rxd7 Ra3+ 56. Bf3 Rd1 57. Ne5 Rg1+ 58. Kf2 Rc1 59. Be4+ Kg8 60. Rd8# 1-0

[Event "*** SCC Grand Prix: Titled Tuesday Blitz"]
[Site "Chess.com"]
[Date "2020.07.14"]
[Round "2"]
[White "Siniauski"]
[Black "2008king"]
[Result "1-0"]
[WhiteElo "2446"]
[BlackElo "2242"]
[TimeControl "180+1"]
[EndTime "10:18:37 PDT"]
[Termination "Siniauski won by checkmate"]

1. e4 e5 2. Nf3 Nc6 3. Bc4 Bc5 4. b4 Bxb4 5. c3 Be7 6. d4 Na5 7. Bd3 d6 8. O-O Nf6 9. Nbd2 O-O 10. Bb2 Bg4 11.
h3 Be6 12. c4 exd4 13. Nxd4 Nc6 14. Nxc6 bxc6 15. Qc2 h6 16. e5 Nd7 17. f4 Nc5 18. Bh7+ Kh8 19. f5 Kxh7 20. fxe6+ Kg8 21. exf7+ Rxf7 22. Rxf7 Kxf7 23. Qh7 dxe5 24. Rf1+ Bf6 25. Bxe5 Nd7 26.
Ne4 Nxe5 27. Rxf6+ Qxf6 28. Nxf6 Kxf6 29. Qe4 Rd8 30.
Qh4+ g5 31. Qxh6+ Ng6 32. Qh5 Rd2 33. Qf3+ Nf4 34. Qc3+ Rd4 35. Qf3 Kf5 36. g3 Rxc4 37. gxf4 Rxf4 38. Qxc6 g4 39. Qd7+ Kg5 40. Qg7+ Kf5 41.
Qf7+ Kg5 42. Qe7+ Kf5 43. hxg4+ Kxg4 44. Qxc7 Kf3 45. Qxa7 Rg4+ 46. Kf1 Rc4 47. Qf7+ Rf4 48. Qb3+ Kg4+ 49. Ke2 Kf5 50. a4 Re4+ 51. Kd3 Ke5 52. Qb5+ Kf4 53. Qb8+ Re5 54. Kd4 Kf3 55. Qxe5 Kf2 56.
a5 Kg2 57. a6 Kf3 58. a7 Kf2 59.
a8=Q Kf1 60. Qf8+ Kg2 61. Qeg7+ Kh3 62. Qfh8# 1-0

[Event "*** SCC Grand Prix: Titled Tuesday Blitz"]
[Site "Chess.com"]
[Date "2020.07.14"]
[Round "2"]
[White "themind1hunter"]
[Black "Raja3401"]
[Result "0-1"]
[WhiteElo "2498"]
[BlackElo "2782"]
[TimeControl "180+1"]
[EndTime "10:18:39 PDT"]
[Termination "Raja3401 won on time"]

1. e4 c5 2. Nf3 d6 3. d4 cxd4 4. Nxd4 Nf6 5. Nc3 a6 6. Be3 e5 7. Nb3 Be6 8. Qd2 Be7 9. O-O-O Nbd7 10. f4 exf4 11. Bxf4 Ne5 12. Nd4 O-O 13. Nf5 Bxf5 14. exf5 Rc8 15. Kb1 Qb6 16. Be2 Rc6 17. Rc1 Rfc8 18.
Nd5 Nxd5 19. Qxd5 Bf6 20. Qb3 Qf2 21. Qe3 Qxe3 22. Bxe3 Nc4 23. Bxc4 Rxc4 24. c3 Re4 25. Bf2 Rf4 26. Bg3 Rxf5 27. Bxd6 h5 28. Rhf1 Rb5 29. Kc2 h4 30. Bf4 Rf5 31. Rcd1 b5 32. Kb3 a5 33.
Bd6 Rg5 34. g3 hxg3 35. hxg3 Rc4 36. Bf4 a4+ 37. Kc2 Rh5 38. Rf2 a3 39. Rd3 axb2 40.
Kxb2 b4 41. Kb3 Rxc3+ 42. Rxc3 bxc3 43. a4 Rh1 44. Rc2 Ra1 45. Kb4 g5 46. Bc7 Be7+ 47. Kb5 Rb1+ 48. Kc6 Bf6 49. a5 Rb2 50. Rc1 Ra2 51.
Kb7 Bd4 0-1

[Event "*** SCC Grand Prix: Titled Tuesday Blitz"]
[Site "Chess.com"]
[Date "2020.07.14"]
[Round "2"]
[White "GAusal"]
[Black "Baronessa08"]
[Result "0-1"]
[WhiteElo "2045"]
[BlackElo "2363"]
[TimeControl "180+1"]
[EndTime "10:18:39 PDT"]
[Termination "Baronessa08 won by resignation"]

1. e4 c5 2. f4 Nc6 3. Nf3 g6 4. h4 h5 5. Bc4 Bg7 6. Nc3 e6 7. e5 Nge7 8. d3 Nf5 9. Ne4 d5 10. exd6 Nxd6 11. O-O O-O 12. c3 Nxc4 13. dxc4 Qe7 14.
Be3 b6 15. Qe2 Bb7 16. Rfd1 Rad8 17. g3 Nb8 18. Bf2 Qc7 19. Nfg5 Qc6 20. b4 cxb4 21.
Rxd8 Rxd8 22. Rd1 Rxd1+ 23. Qxd1 Qd7 24. Qxd7 Nxd7 25. cxb4 Bf8 26. a3 f6 27. Nxf6+ Nxf6 28. Nxe6 Ne4 29. c5 Nxf2 30. Kxf2 bxc5 31. bxc5 Kf7 32.
Nd8+ Kf6 33. Nxb7 Ke6 34. c6 Bxa3 35. Na5 Bc5+ 36. Kf3 Bb6 37. Nc4 Bc7 38. g4 a5 39.
gxh5 gxh5 40. Ke4 a4 41. f5+ Kf6 42. Ne3 a3 43. Nc2 a2 44. Kd4 Kxf5 45. Kc5 Kg4 46. Kb5 Kxh4 47. Kb4 Kg3 48. Kb3 h4 49. Kxa2 h3 50.
Nd4 h2 51. Ne6 h1=Q 52. Nxc7 Qxc6 53. Kb3 Qxc7 0-1

[Event "*** SCC Grand Prix: Titled Tuesday Blitz"]
[Site "Chess.com"]
[Date "2020.07.14"]
[Round "2"]
[White "crescentmoon2411"]
[Black "Titus369"]
[Result "1-0"]
[WhiteElo "2861"]
[BlackElo "2528"]
[TimeControl "180+1"]
[EndTime "10:18:40 PDT"]
[Termination "crescentmoon2411 won by resignation"]

1. c4 e6 2. Nc3 d5 3. cxd5 exd5 4. d4 Nf6 5. Bf4 c6 6. e3 Bd6 7. Bg3 O-O 8. Bd3 Bg4 9. Qc2 Bh5 10. Nge2 Bg6 11. Nf4 Qe7 12. O-O Nbd7 13. Rab1 Bxd3 14. Nxd3 Ne4 15. Nxe4 dxe4 16. Bxd6 Qxd6 17. Nf4 Nf6 18.
b4 Nd5 19. Nxd5 cxd5 20. Rfc1 Rad8 21. Qc7 Qd7 22. b5 f5 23. a4 Qxc7 24. Rxc7 Rf7 25. Rbc1 Rdd7 26. Rc8+ Rf8 27. a5 Kf7 28. h4 Rxc8 29. Rxc8 h6 30. Ra8 b6 31. axb6 axb6 32. Rb8 Rd6 33. Rb7+ Kf6 34. h5 g5 35. Rh7 Re6 36.
Kh2 f4 37. Rxh6+ Kf5 38. Rxe6 Kxe6 39. h6 Kf6 40. Kh3 Kg6 41. Kg4 fxe3 42. fxe3 Kxh6 43. Kf5 Kh5 44. g3 Kh6 45. g4 Kh7 46. Kxg5 Kg7 47. Kf5 Kh6 48. Kf6 Kh7 49. g5 Kh8 50. Ke5 Kg8 51.
Kxd5 Kf7 52. Kxe4 Kg6 53. Kd5 Kxg5 54. Kc6 Kf6 55. d5 Ke7 56. d6+ Kd8 57. e4 1-0

[Event "*** SCC Grand Prix: Titled Tuesday Blitz"]
[Site "Chess.com"]
[Date "2020.07.14"]
[Round "2"]
[White "mjray79"]
[Black "swayamsm"]
[Result "1/2-1/2"]
[WhiteElo "2344"]
[BlackElo "2613"]
[TimeControl "180+1"]
[EndTime "10:18:40 PDT"]
[Termination "Game drawn - insufficient material"]

1. d4 e6 2. c4 f5 3. Nc3 Nf6 4. g3 Bb4 5. Bg2 O-O 6. Qc2 Nc6 7. Nf3 d6 8. Bf4 Qe8 9. O-O e5 10. dxe5 dxe5 11. Bg5 Bxc3 12. Qxc3 e4 13. Nd4 Nxd4 14.
Qxd4 Be6 15. Rac1 a6 16. Rfd1 Rd8 17. Qc5 Qf7 18. Bxf6 gxf6 19. b3 Rd7 20. Rxd7 Qxd7 21. Qe3 Rd8 22. Qc3 Qd4 23. Qxd4 Rxd4 24. Rc2 f4 25. h3 fxg3 26. fxg3 c5 27. Kf2 f5 28.
Ke3 Kg7 29. Rc1 Kf6 30. Rf1 Ke5 31. Rf4 b5 32. cxb5 axb5 33. g4 fxg4 34. hxg4 c4 35. bxc4 bxc4 36. Rxe4+ Rxe4+ 37. Bxe4 h6 38. a4 c3 39. Bc2 Bxg4 40. a5 Kd6 41. Kd4 Bxe2 42. Kxc3 Kc5 43. Kd2 Ba6 44. Ke3 Kb4 45. Kf4 Kxa5 46.
Kg4 Be2+ 47. Kh4 Kb4 48. Bg6 Kc5 49. Bh5 Bb5 50. Bg4 Be8 51. Bh5 Bd7 52. Bg4 Be8 53. Bh5 Ba4 54. Bg4 Kd5 55. Kh5 Ke5 56. Kxh6 1/2-1/2

[Event "*** SCC Grand Prix: Titled Tuesday Blitz"]
[Site "Chess.com"]
[Date "2020.07.14"]
[Round "2"]
[White "LuckSlayeer"]
[Black "TioCridineno"]
[Result "1-0"]
[WhiteElo "2409"]
[BlackElo "2142"]
[TimeControl "180+1"]
[EndTime "10:18:41 PDT"]
[Termination "LuckSlayeer won by resignation"]

1. e4 c5 2. Nf3 d6 3. d4 cxd4 4. Nxd4 Nf6 5. Nc3 a6 6. Be3 e5 7. Nb3 Be7 8. f3 Be6 9. Qd2 h5 10. Nd5 Bxd5 11. exd5 Nbd7 12. Be2 Qc7 13. c4 b6 14. O-O O-O 15. Rfc1 a5 16. Rab1 Rfb8 17. Na1 Nc5 18. Nc2 g6 19. Na3 Qd7 20. Nb5 Rf8 21. b3 Rfe8 22. a3 Qb7 23. b4 axb4 24.
axb4 Ncd7 25. Ra1 Bf8 26. Qb2 Rec8 27. Rxa8 Rxa8 28. Ra1 Ne8 29. Ra3 Rxa3 30. Qxa3 Be7 31. Qa7 Qxa7 32. Nxa7 f5 33. Bd1 Bd8 34. Ba4 Nef6 35.
Nc8 Bc7 36. Bc6 Kf7 37. Kf1 Ke8 38. Nxb6 Ke7 39. Nxd7 Nxd7 40. c5 f4 41. Bf2 dxc5 42.
bxc5 Ba5 43. d6+ Ke6 44. Bb5 Nf6 45. Bc4+ Kd7 46. Bf7 g5 47. h3 Bb4 48. Bb3 e4 49. Ba4+ Ke6 50. Bd4 exf3 51. gxf3 Nd5 52. d7 Ba5 53. c6 Bc7 54. Bb3 Kd6 55. Bxd5 Kxd5 56. Bf6 Kxc6 57. d8=Q Bxd8 58. Bxd8 g4 59. hxg4 hxg4 60.
fxg4 Kd7 61. Bh4 Ke6 62. Kf2 1-0

[Event "*** SCC Grand Prix: Titled Tuesday Blitz"]
[Site "Chess.com"]
[Date "2020.07.14"]
[Round "2"]
[White "bazar-wokzal"]
[Black "ftorodent"]
[Result "1-0"]
[WhiteElo "2431"]
[BlackElo "2641"]
[TimeControl "180+1"]
[EndTime "10:18:42 PDT"]
[Termination "bazar-wokzal won by resignation"]

1. e4 c5 2. c3 Nf6 3. e5 Nd5 4. d4 cxd4 5. cxd4 e6 6. Nc3 Nxc3 7. bxc3 Qc7 8. Bd2 d6 9. f4 b6 10. Nf3 Bb7 11. Bd3 Nd7 12. O-O Be7 13. f5 dxe5 14.
fxe6 fxe6 15. Ng5 Nf6 16. Nxe6 Qc6 17. d5 Nxd5 18. Nxg7+ Kd8 19. Be4 Kc7 20. c4 Qxc4 21. Qf3 Raf8 22. Ne6+ Kb8 23. Nxf8 Rxf8 24. Qd3 Bc5+ 25.
Kh1 Qxd3 26. Bxd3 Nf4 27. Bxf4 exf4 28. Be2 Re8 29. Bf3 Ba6 30. Rfe1 Be3 31. Rad1 Bc4 32. a4 Bb3 33. Rd7 Bxa4 34. Rb7+ Kc8 35. Rxa7 b5 36. Rxh7 b4 37. Rb7 b3 38. Rb4 Bd2 39.
Rxe8+ Bxe8 40. Rxb3 Kc7 41. h4 Kd6 42. h5 Be3 43. h6 Bg6 44. Rb7 Bd4 45. Bg4 Ke5 46.
Rd7 Bc3 47. Rc7 Bd4 48. Bh5 Bxh5 49. h7 Ke4 50. Rc4 Bg6 51. Rxd4+ Kxd4 52. h8=Q+ 1-0

[Event "*** SCC Grand Prix: Titled Tuesday Blitz"]
[Site "Chess.com"]
[Date "2020.07.14"]
[Round "2"]
[White "suyu28"]
[Black "vladislavkovalev"]
[Result "0-1"]
[WhiteElo "2553"]
[BlackElo "2923"]
[TimeControl "180+1"]
[EndTime "10:18:43 PDT"]
[Termination "vladislavkovalev won on time"]

1. Nf3 Nf6 2. g3 d5 3. Bg2 e6 4. O-O Be7 5. d4 O-O 6. c4 dxc4 7. Qc2 a6 8. a4 Bd7 9. Ne5 Bc6 10. Nxc6 Nxc6 11.
e3 Na5 12. Bd2 c5 13. dxc5 Bxc5 14. Bxa5 Qxa5 15. Qxc4 Rab8 16. Nc3 Rfc8 17. Qb3 Qb4 18. Qc2 Bd6 19. Rad1 Be5 20. Rd3 g6 21. Rfd1 Kg7 22. h3 Rc7 23. f4 Bxc3 24. bxc3 Qc5 25. Kh2 b6 26. e4 Rbc8 27. e5 Ng8 28. Qb3 Qa5 29. Rd6 Rb8 30. R1d3 Ne7 31. Rd7 Rbc8 32. Rxc7 Rxc7 33. Qb4 Qxb4 34. cxb4 Rc4 35. Rb3 Nf5 36. Bb7 a5 37. bxa5 bxa5 38. g4 Nd4 39. Ra3 Rb4 40. Ba6 Nc2 41. Ra2 Ne3 42. Kg3 Nd5 0-1

[Event "*** SCC Grand Prix: Titled Tuesday Blitz"]
[Site "Chess.com"]
[Date "2020.07.14"]
[Round "2"]
[White "chessplayer9919"]
[Black "OnePeculiarConundrum"]
[Result "1-0"]
[WhiteElo "2637"]
[BlackElo "2363"]
[TimeControl "180+1"]
[EndTime "10:18:43 PDT"]
[Termination "chessplayer9919 won by resignation"]

1. d4 d5 2. c4 c6 3. Nf3 Nf6 4. Nc3 dxc4 5. a4 Bf5 6. e3 e6 7. Bxc4 Nbd7 8. O-O Be7 9. Qe2 Ne4 10. Nxe4 Bxe4 11.
Bd3 Nf6 12. Ne5 O-O 13. Qc2 Bxd3 14. Qxd3 c5 15. dxc5 Bxc5 16. Qb5 Qb6 17. Qxb6 Bxb6 18. b3 Rac8 19. Ba3 Rfd8 20. Rac1 h6 21. Nc4 Bc5 22. Bb2 Be7 23. Rfd1 Nd5 24. Kf1 Nb4 25. Ke2 f6 26.
Ba3 Kf7 27. Na5 Rxc1 28. Rxc1 Nd3 29. Rd1 Bxa3 30. Rxd3 Rxd3 31. Kxd3 b6 32. Nc6 a6 33.
e4 f5 34. exf5 exf5 35. Nb8 b5 36. Nxa6 bxa4 37. bxa4 Ke6 38. Nc7+ Kd7 39. Nb5 Bc5 40. f3 g5 41. a5 g4 42. a6 Kc6 43. Kc4 Bg1 44. h3 Kb6 45. a7 Kb7 46. hxg4 fxg4 47.
fxg4 Bf2 48. Kd5 Bg1 49. Ke4 Bf2 50. Kf5 Bg1 51. Kg6 Be3 52. Kh5 Ka8 53. Nd6 Kxa7 54. Nf5 Bd2 55. Nxh6 Kb8 56. g5 Kc8 57. g6 Bc3 58.
Nf5 Kd8 59. g7 Bxg7 60. Nxg7 Ke7 61. Nf5+ Kf7 62. g4 Kf6 63. Kh6 Kf7 64. g5 Ke6 65. g6 Kf6 66. g7 Kf7 67. Kh7 Kf6 68. g8=Q Kxf5 69. Qg3 Kf6 70. Qf4+ Ke6 71. Kg6 Kd5 72. Qe3 Kd6 73. Kf6 Kd5 74. Qd3+ Kc5 75. Ke5 1-0

[Event "*** SCC Grand Prix: Titled Tuesday Blitz"]
[Site "Chess.com"]
[Date "2020.07.14"]
[Round "2"]
[White "GaboSalazar2001"]
[Black "SGchess01"]
[Result "0-1"]
[WhiteElo "2311"]
[BlackElo "2610"]
[TimeControl "180+1"]
[EndTime "10:18:43 PDT"]
[Termination "SGchess01 won by resignation"]

1. e4 e5 2. Bc4 Nf6 3. d3 Nc6 4. Nc3 Na5 5. Nf3 Nxc4 6. dxc4 d6 7. O-O Be7 8. Qd3 O-O 9. h3 c6 10. Be3 h6 11. Rad1 Be6 12. b3 Qc7 13. Qe2 Rad8 14.
Rd2 d5 15. exd5 cxd5 16. Nxd5 Nxd5 17. cxd5 Rxd5 18. Rxd5 Bxd5 19. c4 Bc6 20. Rd1 b6 21. Bd2 Bd6 22. Bc3 Re8 23. Qd2 Bf8 24. Qe2 Qb7 25.
b4 Bxf3 26. Qxf3 Qxf3 27. gxf3 Rc8 28. Bxe5 Bxb4 29. Rd7 a5 30. Rc7 Rd8 31. Bf4 Rd1+ 32. Kg2 Bc5 33. Be3 Bxe3 34. fxe3 Rd2+ 35. Kg3 Rxa2 36.
Rb7 Rc2 37. Rxb6 Rxc4 38. Ra6 a4 39. e4 g6 40. Kf4 Kg7 41. Ke5 Rc3 42. Kf4 a3 43. e5 h5 44. h4 Rb3 45. Ke4 Rb4+ 46. Kd5 Rxh4 47. Rxa3 Rf4 48. e6 Rf5+ 49. Ke4 fxe6 50.
Ra7+ Kf6 51. Ra2 h4 52. Rh2 Rh5 53. Rh3 e5 54. Rh2 h3 55. Ke3 Rh4 56. Kf2 Kf5 57. Kg3 g5 58. Kf2 Kf4 59. Rh1 h2 60. Kg2 g4 61.
fxg4 Kxg4 62. Kf2 Kf4 63. Kg2 e4 64. Rf1+ Ke5 65. Kh1 e3 66. Re1 Ke4 67. Re2 Kd3 68. Rg2 e2 69. Rg3+ Kd2 70. Rg4 e1=Q+ 0-1

[Event "*** SCC Grand Prix: Titled Tuesday Blitz"]
[Site "Chess.com"]
[Date "2020.07.14"]
[Round "2"]
[White "karinachess1"]
[Black "Gabrielian_Artur"]
[Result "1/2-1/2"]
[WhiteElo "2514"]
[BlackElo "2799"]
[TimeControl "180+1"]
[EndTime "10:18:44 PDT"]
[Termination "Game drawn - insufficient material"]

1. c4 e5 2. Nc3 Bb4 3. Qc2 Nf6 4.
Nf3 Qe7 5. d3 h6 6. a3 Bxc3+ 7.
Qxc3 d6 8. g3 O-O 9. Bg2 Nc6 10.
O-O Re8 11. e4 a5 12. h3 Nd7 13. Be3 a4 14. d4 exd4 15. Nxd4 Nc5 16. Nxc6 bxc6 17. e5 Nb3 18. Rae1 d5 19. cxd5 cxd5 20. Bxd5 Bxh3 21. Bxa8 Rxa8 22. f4 Bxf1 23. Rxf1 Rd8 24. f5 c5 25. f6 Qe6 26. fxg7 c4 27. Kh2 Rd3 28. Qe1 Qxe5 29. Bf4 Qxe1 30. Rxe1 Kxg7 31. Kh3 f6 32. Re7+ Kg6 33. Rc7 Rd4 34. Rc6 Re4 35. Ra6 Nc5 36. Rc6 Nd3 37. Kg2 Nxf4+ 38. gxf4 Rxf4 39.
Ra6 Rd4 40. Rxa4 h5 41. Rb4 h4 42. a4 Kg5 43. a5 Kg4 44. a6 Rd2+ 45. Kf1 h3 46.
Rxc4+ Kg5 47. Kg1 Rxb2 48. Ra4 Rb8 49. a7 Ra8 50. Kh2 Kf5 51. Kxh3 Ke5 52. Kg3 Kd5 53. Kf4 Kc5 54. Kf5 Kb6 55. Ra1 Rxa7 56. Rxa7 Kxa7 57.
Kxf6 1/2-1/2